AoeStats
← Cr7juventus

Black Forest

508279396Analyzed
2v2 RM · 9d ago on Sep 21, 2026· 78m 34s· 4 players
Game mode
Random Map
Map size
Medium (4 player)
Population
200
Speed
Normal
Resources
Standard
Victory
Conquest
Starting age
Dark Age
Ending age
Imperial Age
RankedLock teamsTeams togetherTeam positionsShared explorationLock speedFull tech treeHidden civsTurbo modeCheats
Victory
Defeat
🇦🇷 Jurchens · Argentina
916
+15
🇦🇷 Bohemians · Argentina
821
+18
🇫🇷 Khmer · France
902
-17
🇨🇳 Bohemians · China
874
-16
⎛⎝M⎠⎞ ic
11:34 Feudal Age
13:09 Double-Bit Axe
14:00 Fishing Lines
14:17 Horse Collar
17:07 Castle Age
18:50 Bow Saw
19:46 Wheelbarrow
19:25 Bow Saw
22:57 Heavy Plow
23:51 Gillnets
27:53 Hand Cart
32:00 Imperial Age
29:25 Loom
29:26 Town Watch
29:54 Forging
29:44 Scale Mail Armor
29:49 Scale Barding Armor
29:36 Fletching
29:46 Padded Archer Armor
29:30 Treadmill Crane
30:11 Ballistics
30:51 Chemistry
31:58 Wagenburg Tactics
31:54 Pikeman
32:34 Squires
33:09 Siege Engineers
33:05 Bodkin Arrow
33:25 Leather Archer Armor
33:32 Husbandry
32:58 Light Cavalry
34:03 Chain Barding Armor
33:55 Bracer
34:30 Iron Casting
36:07 Houfnice
36:21 Elite Hussite Wagon
37:21 Conscription
38:08 Two-Man Saw
37:32 Caravan
37:57 Town Patrol
38:25 Chain Mail Armor
39:53 Elite Skirmisher
42:13 Ring Archer Armor
42:37 Halberdier
50:24 Blast Furnace
49:54 Plate Mail Armor
53:54 Bombard Tower
53:29 Murder Holes
53:45 Masonry
53:28 Guard Tower
56:21 Onager
61:07 Arson
62:59 Cavalier
70:37 Architecture
Cr7juventus
0:28 Loom
12:29 Feudal Age
18:41 Castle Age
16:54 Double-Bit Axe
17:07 Horse Collar
19:36 Bow Saw
19:30 Heavy Plow
25:33 Town Watch
26:31 Stone Mining
26:32 Gold Mining
27:29 Wheelbarrow
28:05 Stone Shaft Mining
31:49 Imperial Age
30:29 Gold Shaft Mining
31:18 Devotion
33:22 Conscription
34:54 Faith
34:56 Husbandry
35:07 Bloodlines
34:17 Cavalier
36:02 Scale Barding Armor
35:57 Scale Mail Armor
36:08 Forging
35:48 Fletching
35:58 Padded Archer Armor
38:01 Hand Cart
38:58 Chain Barding Armor
38:54 Chain Mail Armor
39:14 Iron Casting
40:08 Caravan
39:44 Light Cavalry
41:01 Hussar
Finistr
9:36 Loom
11:28 Feudal Age
15:36 Castle Age
13:33 Double-Bit Axe
13:34 Horse Collar
18:15 Bow Saw
18:22 Gold Mining
20:10 Wheelbarrow
21:30 Ballistics
21:42 Ballistics
24:25 Hand Cart
25:20 Heavy Plow
25:05 Treadmill Crane
26:46 Stone Mining
27:32 Gold Shaft Mining
30:47 Imperial Age
32:40 Chemistry
31:47 Siege Engineers
31:26 Heavy Rocket Cart
33:14 Stone Shaft Mining
33:42 Two-Man Saw
33:14 Crop Rotation
34:31 Conscription
34:27 Thunderclap Bombs
35:35 Fletching
36:04 Forging
36:00 Scale Barding Armor
36:00 Padded Archer Armor
37:09 Bloodlines
36:59 Husbandry
37:23 Elite Steppe Lancer
38:21 Caravan
38:44 Guilds
39:14 Elite Iron Pagoda
40:17 Light Cavalry
42:24 Iron Casting
42:09 Chain Barding Armor
41:45 Bodkin Arrow
42:05 Leather Archer Armor
42:56 Hussar
50:24 Blast Furnace
61:58 Bracer
62:34 Plate Barding Armor
62:30 Ring Archer Armor
65:04 Masonry
Den0f
0:29 Loom
13:59 Feudal Age
19:58 Castle Age
19:47 Double-Bit Axe
21:48 Horse Collar
28:05 Imperial Age
28:05 Chemistry
41:31 Redemption
52:32 Houfnice
56:28 Houfnice
75:40 Wheelbarrow
Connection lost

Rejoining the realm…

Still unreachable

The connection could not be restored.

Session expired

The server has moved on; the page needs a fresh start.